 Dungeon Crawl Stone Soup version 0.29.0-4-gdea44cf6ec (webtiles) character file.

Game seed: 12493024244042478511

105 sanka the Insei (level 4, -1/26 HPs)
             Began as a Tengu Warper on Aug 27, 2022.
             Slain by an orc
             ... wielding a +0 war axe
              (7 damage)
             ... on level 3 of the Dungeon.
             The game lasted 00:03:27 (3004 turns).

sanka the Insei (Tengu Warper)                      Turns: 3004, Time: 00:03:28

Health: -1/26      AC:  3    Str: 12    XL:     4   Next: 81%
Magic:  8/8        EV: 12    Int: 21    God:
Gold:   34         SH:  0    Dex: 13    Spells: 7/7 levels left

rFire   . . .      SeeInvis .     - Unarmed
rCold   . . .      Faith    .   (no shield)
rNeg    . . .      Spirit   .   a - +0 leather armour
rPois   .          Reflect  .   (helmet restricted)
rElec   .          Harm     .   (no cloak)
rCorr   .          Rampage  .   (no gloves)
Will    .....                   (boots unavailable)
Stlth   +.........              (no amulet)
HPRegen 0.08/turn               (no ring)
MPRegen 0.11/turn               g - +6 ring of intelligence

@: no status effects
A: beak, talons 3
a: no special abilities


You were on level 3 of the Dungeon.
You visited 1 branch of the dungeon, and saw 4 of its levels.

You collected 244 gold pieces.
You spent 210 gold pieces at shops.


Innate Abilities, Weirdness & Mutations

You have a beak for a mouth.
You have claws for feet.


   Skills:
 - Level 2.1 Fighting
 - Level 1.1 Throwing
 - Level 1.2 Armour
 - Level 2.2 Dodging
 + Level 5.0 Unarmed Combat
 - Level 2.0 Spellcasting
 - Level 2.4 Translocations


You had 7 spell levels left.
You didn't know any spells.
Your spell library contained the following spells:

 Spells                   Type           Power      Damage    Failure   Level
 Blink                    Tloc           24%        N/A       10%         2
 Gell's Gravitas          Tloc           12%        N/A       21%         3
 Lesser Beckoning         Tloc           12%        N/A       21%         3
 Teleport Other           Tloc           12%        N/A       21%         3
 Iskenderun's Mystic Bla  Conj/Tloc      7%         2d4       73%         4
 Fulminant Prism          Conj/Hex       1%         3d6       88%         4
 Manifold Assault         Tloc           12%        N/A       88%         5
 Lee's Rapid Deconstruct  Erth           1%         3d5*      99%         5

Inventory:

Missiles
 c - 7 boomerangs of dispersal (quivered) {=f}
 p - 5 boomerangs
Armour
 a - a +0 leather armour (worn)
Magical Staves
 q - a staff of fire
Jewellery
 g - a +6 ring of intelligence (right hand)
Scrolls
 b - a scroll of blinking
 h - 3 scrolls of identify {unknown}
 l - 2 scrolls of teleportation {unknown}
 n - a scroll of silence {unknown}
 o - a scroll of poison {unknown}
Potions
 d - a potion of flight {unknown}
 e - a potion of resistance {unknown}
 f - 2 potions of curing {@q1}
 i - a potion of haste {@q3}
 j - a potion of lignification {!q}
 k - 3 potions of might
 m - a potion of heal wounds {@q2}

Dungeon Overview and Level Annotations

Branches:
Dungeon (4/15)
 Temple: D:4-7

Altars:

Shops:
D:1 ! D:4

[
▒.......▒▒.▒.▒.▒..'
▒.......▒▒.....▒..▒
▒........▒.....▒...
▒........▒.▒.▒.▒▒▒▒
▒........▒.....▒ ▒
▒........▒.....▒ ▒
▒.......▒▒.▒.▒.▒▒▒▒
▒▒†o▒▒▒..▒.....▒..▒
▒Qo.....▒.....▒...
▒.)....▒▒.▒.▒.▒▒.▒
▒......▒▒.....▒▒.▒
▒▒▒......▒▒.....▒▒.▒
▒.........▒.▒.▒.▒...
▒).......▒▒.....▒▒.▒
▒....▒▒▒.▒▒.....▒▒.▒
▒....▒.▒.▒▒.▒.▒.▒▒.▒
▒....▒.▒.▒▒.....▒▒.▒


You could see 2 orcs.


Message History

You start resting.
HP restored.
You climb downwards.
The orc barely misses you. The orc misses you. The orc closely misses you.
The orc hits you with a +0 war axe!
There is a stone staircase leading up here.
Unknown command.
The orc hits you but does no damage. The orc hits you with a +0 war axe.
You climb upwards.
There is a stone staircase leading down here.
Unknown command.
You barely miss the orc. You peck the orc, but do no damage.
The orc hits you with a +0 war axe.
* * * LOW HITPOINT WARNING * * *
The orc hits you with a +0 club.
* * * LOW HITPOINT WARNING * * *
You closely miss the orc. You peck the orc.
The orc is severely wounded.
The orc misses you. The orc hits you with a +0 club.
* * * LOW HITPOINT WARNING * * *
You hit the orc.
The orc is almost dead.
The orc hits you with a +0 war axe!
You die...

Action                   |  1- 3 |  4- 6 || total
-------------------------+-------+-------++-------
Melee: Unarmed           |    78 |    49 ||   127
       Kick              |    27 |     6 ||    33
       Punch             |     2 |     2 ||     4
       Peck              |    10 |     7 ||    17
Armor: Leather armour    |    25 |     7 ||    32
Dodge: Dodged            |    35 |    35 ||    70

Levels and vault maps discovered:
D:1:      dpeg_arrival_solitude, layout_rooms,
          shapermc_ecumenical_altar_mp_urbaneastern, serial_shops,
          nicolae_shop_waterfront
D:2:      layout_loops_cross
D:3:      layout_basic, columned_hall_lemuel, uniq_jessica
D:4:      layout_rooms, jmf_multi_god_temple2, kennysheep_little_box,
          minmay_temple_entry_gardened_gates, serial_shops, shop,
          dk_noncrumbling_2, minivault_5, grunt_ministairs_4

Notes
Turn   | Place    | Note
-------+----------+-------------------------------------------
     0 | D:1      | sanka the Tengu Warper began the quest for the Orb.
     0 | D:1      | Reached XP level 1. HP: 12/12 MP: 4/4
    62 | D:1      | Reached XP level 2. HP: 16/17 MP: 6/6
   137 | D:1      | Found a faded altar of an unknown god.
   269 | D:1      | Found Wuraboq's Distillery.
   733 | D:1      | Bought a potion of lignification for 42 gold pieces
   780 | D:2      | Reached skill level 3 in Unarmed Combat
   780 | D:2      | Reached XP level 3. HP: 20/21 MP: 7/7
  1487 | D:1      | Bought a potion of curing for 42 gold pieces
  1487 | D:1      | Bought a potion of heal wounds for 70 gold pieces
  1583 | D:3      | Reached skill level 4 in Unarmed Combat
  1602 | D:3      | Noticed Jessica
  1606 | D:3      | Killed Jessica
  1607 | D:3      | Reached XP level 4. HP: 15/26 MP: 8/8
  2886 | D:1      | Bought a potion of might for 56 gold pieces
  2944 | D:4      | Found Joqueps's Armour Emporium.
  2964 | D:3      | Reached skill level 5 in Unarmed Combat
  2999 | D:4      | Noticed an ice beast
  3004 | D:3      | Slain by an orc

Vanquished Creatures
  Jessica (D:3)
  3 adders
  A dart slug (D:2)
  An orc (D:3)
  4 endoplasms
  A giant cockroach (D:3)
  4 goblins
  10 hobgoblins
  2 quokkas
  5 ball pythons
  6 bats
  A frilled lizard (D:1)
  3 kobolds
  8 rats
50 creatures vanquished.
